 Dungeon Crawl Stone Soup version 0.29-a0-997-gf6f7e2dfe7 (webtiles) character file.

Game seed: 11129873111661174122

1587 kae the Destroyer (level 8, -1/41 HPs)
             Began as a Tengu Fire Elementalist on Aug 4, 2022.
             Slain by a killer bee (6 damage)
             ... on level 5 of the Dungeon.
             The game lasted 00:04:37 (7606 turns).

kae the Destroyer (Tengu Fire Elementalist)         Turns: 7606, Time: 00:04:37

Health: -1/41      AC:  2    Str:  8    XL:     8   Next: 92%
Magic:  10/15      EV: 14    Int: 18    God:
Gold:   301        SH:  0    Dex: 15    Spells: 3/16 levels left

rFire   + . .      SeeInvis .   l - +0 dagger (freeze)
rCold   x . .      Faith    .   (no shield)
rNeg    . . .      Spirit   .   a - +0 robe
rPois   .          Reflect  .   (helmet restricted)
rElec   .          Harm     .   (no cloak)
rCorr   .          Rampage  .   (no gloves)
Will    .....                   (boots unavailable)
Stlth   ++........              (no amulet)
HPRegen 0.13/turn               F - ring of fire
MPRegen 0.14/turn               (no ring)

@: flying quickly and evasively, very slightly contaminated, quick
A: beak, talons 3, nimble flight
a: no special abilities


You were on level 5 of the Dungeon.
You visited 2 branches of the dungeon, and saw 8 of its levels.

You collected 301 gold pieces.


Innate Abilities, Weirdness & Mutations

You have a beak for a mouth.
You have claws for feet.
Your magical nature lets you fly swiftly and evasively.


   Skills:
 - Level 2.1 Dodging
 - Level 2.0 Stealth
 + Level 4.6 Spellcasting
 * Level 8.8 Conjurations
 + Level 1.8 Hexes
 * Level 8.0 Fire Magic


You had 3 spell levels left.
You knew the following spells:

 Your Spells              Type           Power      Damage    Failure   Level
a - Foxfire               Conj/Fire      100%       2x1d9     1%          1
b - Scorch                Fire           98%        2d9       1%          2
c - Conjure Flame         Conj/Fire      51%        6-21      1%          3
d - Inner Flame           Hex/Fire       33%        N/A       5%          3
e - Flame Wave            Conj/Fire      51%        2d13      4%          4

Your spell library contained the following spells:

 Spells                   Type           Power      Damage    Failure   Level
 Stone Arrow              Conj/Erth      40%        3d9       7%          3
 Sandblast                Erth           8%         2d5       14%         1
 Passwall                 Tmut/Erth      3%         N/A       22%         2

Inventory:

Hand Weapons
 l - a +0 dagger of freezing (weapon)
   (You took it off a goblin on level 2 of the Dungeon)
Missiles
 c - 133 stones
 g - 17 boomerangs
 q - 6 poisoned darts
 r - 4 atropa-tipped darts
Armour
 a - a +0 robe (worn)
Magical Staves
 o - a staff of poison {!a}
   (You found it on level 4 of the Dungeon)
Jewellery
 F - a ring of fire (left hand)
   (You found it on level 2 of the Dungeon)
Wands
 n - a wand of digging (3)
   (You found it on level 4 of the Dungeon)
 B - a wand of mindburst (9)
   (You found it on level 6 of the Dungeon)
 C - a wand of flame (23)
   (You found it on level 6 of the Dungeon)
Scrolls
 i - a scroll of magic mapping {!r}
 v - a scroll of teleportation {@r4}
 y - a scroll of immolation {!r!r}
Potions
 b - 2 potions of magic
 d - a potion of invisibility {unknown}
 e - a potion of brilliance
 f - a potion of lignification {unknown}
 j - 3 potions of mutation {unknown}
 k - a potion of might
 m - a potion of flight
 s - 5 potions of attraction {unknown}
 t - 4 potions of degeneration {!q}
 z - a potion of ambrosia
 A - a potion of berserk rage {!q}

Dungeon Overview and Level Annotations

Branches:
Dungeon (7/15) Zot: 26381  Temple (1/1) D:4 Zot: 5884

Altars:
Ashenzari
Cheibriados
Dithmenos
Elyvilon
Hepliaklqana
Kikubaaqudgha
Makhleb
Nemelex Xobeh
Qazlal
Ru
Sif Muna
Trog
Uskayaw
Xom
Yredelemnul
Zin
The Shining One

Shops:
D:6 =

Annotations:
D:3 1 runed translucent door, exclusion: 2 doors, sobakacece's ghost, amateur OpFE
D:6 Prince Ribbit

########### ###..###
#.........# ###....
#.........########).....
#............)).)..##...
#.......).#############.
#.........### #..
#...........# #.8
#.........#.### #..
#......@y.#...#### ##.
#.........###....# #.
########### ##.##### ##.
#.#...###.. #...8...รท._
###...###.. ##### ##. #.
##.


You could see a killer bee (combustible).


Message History

Casting: Flame Wave (dangerous; 4% risk of failure)
Press: ? - help, Dir - look around, f - activate You feel a surge of power!
You miscast Flame Wave.
You are very lightly contaminated with residual magic.
Nothing appears to happen.
The killer bee closely misses you.
Prince Ribbit blinks!
The killer bee barely misses you. ๐Ÿ˜จ MP[-4]
You lost 4 mp, and now have 11/15 mp.
The killer bee barely misses you.
Prince Ribbit blinks!
The killer bee stings you.
* * * LOW HITPOINT WARNING * * *
๐Ÿ˜ฑ HP[-4]
You take 4 damage, and now have 8/41 hp.
Unknown command.
The killer bee stings you but does no damage.
The killer bee closely misses you.
Unknown command.
Okay, then.
The killer bee stings you.
* * * LOW HITPOINT WARNING * * *
๐Ÿ˜ฑ HP[-3]
You take 3 damage, and now have 5/41 hp.
Really read
u - a scroll of blinking {!r}? [Y]es or [N]o only, please.
Really read
u - a scroll of blinking {!r}? [Y]es or [N]o only, please.
Really read
u - a scroll of blinking {!r}? [Y]es or [N]o only, please.
Really read
u - a scroll of blinking {!r}? [Y]es or [N]o only, please.
Really read
u - a scroll of blinking {!r}?
Blink to where?
Press: ? - help, Dir - move target
As you read the scroll of blinking {!r}, it crumbles to dust.
There is a stone staircase leading up here.
You fly upwards.
There is a stone staircase leading down here. ๐Ÿ˜ฑ MP[+1]
You start resting.
Your magical contamination has completely faded away. ๐Ÿ˜ฑ HP[+1]
You start resting. ๐Ÿ˜ฑ HP[+2] MP[+3]
You regained 2 hp, and now have 8/41 hp.
Your mp is fully restored (15).
Unknown command.
You start resting. ๐Ÿ˜• HP[+26]
You regained 26 hp, and now have 34/41 hp.
You start resting. ๐Ÿ˜Ž HP[+7]
Your hp is fully restored (41).
You fly downwards.
Level annotation: Prince Ribbit The killer bee stings you.
You are poisoned.
The killer bee poisons you! Prince Ribbit hits you!
The killer bee barely misses you. Prince Ribbit hits you!
* * * LOW HITPOINT WARNING * * *
The killer bee stings you.
* * * LOW HITPOINT WARNING * * *
There is a stone staircase leading up here. ๐Ÿ˜จ HP[-25]
You take 25 damage, and now have 16/41 hp.
MASSIVE DAMAGE!! (PAUSE) Unknown command.
Casting: Flame Wave (dangerous; 4% risk of failure)
Confirm with . or Enter, or press ? or * to list all spells.
Casting: Flame Wave (dangerous; 4% risk of failure)
Press: ? - help, Dir - look around, f - activate You feel a surge of power!
You miscast Flame Wave.
You are very lightly contaminated with residual magic.
You feel uncomfortably hot. You resist.
* * * LOW HITPOINT WARNING * * *
You feel sick. The killer bee barely misses you.
Prince Ribbit blinks!
The killer bee closely misses you. ๐Ÿ˜จ HP[-5] MP[-4]
You take 5 damage, and now have 11/41 hp.
You lost 4 mp, and now have 11/15 mp.
Unknown command.
You feel sick. The killer bee stings you.
* * * LOW HITPOINT WARNING * * *
The killer bee barely misses you.
Prince Ribbit blinks!
You fly upwards.
You feel sick.
There is a stone staircase leading down here.
Unknown command. ๐Ÿ˜ฑ HP[-7]
You take 7 damage, and now have 4/41 hp.
You feel better. The killer bee barely misses you. The killer bee stings you!
* * * LOW HITPOINT WARNING * * *
Okay, then.
Casting: Flame Wave (dangerous; 4% risk of failure)
Confirm with . or Enter, or press ? or * to list all spells.
You feel a surge of power!
Flames lash the killer bee.
The killer bee's fire resistance burns away.
The killer bee misses you. The killer bee barely misses you.
The killer bee stings you.
You die...

Skill      XL: |  1  2  3  4  5  6  7  8 |
---------------+-------------------------+-----
Conjurations   | 2 3 4 5 7 8 |  8.8
Fire Magic     | 4 5 6 8 |  8.0
Spellcasting   | 3 4 |  4.6
Hexes          | 1 |  1.8
Dodging        | |  2.1
Stealth        | |  2.0

Action                   |  1- 3 |  4- 6 |  7- 9 || total
-------------------------+-------+-------+-------++-------
Melee: Unarmed           |     5 |       |       ||     5
       Kick              |     1 |     5 |     7 ||    13
       Dagger            |       |    11 |    33 ||    44
       Peck              |       |       |     4 ||     4
 Cast: Foxfire           |    63 |    38 |    96 ||   197
       Scorch            |     5 |    10 |    27 ||    42
       Flame Wave        |       |       |     1 ||     1
  Use: Scroll            |     6 |     3 |     8 ||    17
       Potion            |       |     2 |     3 ||     5
Armor: Robe              |     3 |     4 |     6 ||    13
Dodge: Dodged            |    14 |    18 |    96 ||   128

Levels and vault maps discovered:
D:1:      minmay_arrival_shattered_statue, layout_loops_ring, chequers_jeans,
          minmay_octomino_j4
D:2:      layout_loops_cross, ebering_ecumenical_altar_petrified
D:3:      layout_basic, led_xom_imps, mainiacjoe_overflow_cross_hatched,
          nicolae_ru_great_annihilating_truth, ebering_ghost_sewer_d,
          minmay_diced_spiral
D:4:      layout_loops_ring, bloody_makhleb, mainiacjoe_overflow_24_doors,
          evilmike_ruin_ashenzari, minmay_temple_entry_drinking_statues,
          minmay_fractal_squares_5
D:5:      layout_rooms, elyvilon_altar_1,
          mainiacjoe_overflow_concentric_impassable,
          nicolae_tso_carved_into_rock, mainiacjoe_overflow_brackets
D:6:      layout_cave_pools, grunt_qazlal_sundering,
          hangedman_abyss_or_decor_stabs, minmay_shop_enchanted_jewellery,
          hangedman_decor_opposing
D:7:      layout_rooms, serial_corexii_hall, chequers_hall_statues_wall_a,
          corexii_hall_statues_deadend, minmay_hedge_maze,
          nicolae_shop_i_like_big_books, uniq_prince_ribbit1, uniq_menkaure,
          uniq_duvessa, uniq_joseph, uniq_crazy_yiuf_cottage
Temple:   nicolae_temple_bog_church

Notes
Turn   | Place    | Note
-------+----------+-------------------------------------------
     0 | D:1      | kae the Tengu Fire Elementalist began the quest for the
                  | Orb.
     0 | D:1      | Reached XP level 1. HP: 10/10 MP: 4/4
     0 | D:1      | magus.rc [v1.11.3]
   357 | D:1      | Reached skill level 2 in Conjurations
   357 | D:1      | Reached XP level 2. HP: 14/15 MP: 0/6
   605 | D:1      | Learned a level 2 spell: Scorch
  1308 | D:2      | Reached XP level 3. HP: 19/19 MP: 4/7
  1542 | D:2      | Found a faded altar of an unknown god.
  1752 | D:2      | Reached skill level 3 in Conjurations
  1752 | D:2      | Reached skill level 4 in Fire Magic
  2412 | D:3      | Reached XP level 4. HP: 24/24 MP: 5/8
  2489 | D:3      | Found a sacrificial altar of Ru.
  2627 | D:3      | Found a glowing silver altar of Zin.
  2761 | D:3      | Found a runed translucent door.
  2768 | D:3      | Noticed sobakacece's ghost (amateur OpFE)
  2849 | D:3      | Found a shimmering altar of Xom.
  3111 | D:4      | Noticed a phantom
  3116 | D:4      | Killed a phantom
  3117 | D:4      | Reached skill level 4 in Conjurations
  3117 | D:4      | Gained mutation: Your magical nature lets you fly swiftly
                  | and evasively. [Tengu growth]
  3117 | D:4      | Reached XP level 5. HP: 21/28 MP: 2/10
  3213 | D:4      | Found a hide-covered altar of Uskayaw.
  3262 | D:4      | Reached skill level 3 in Spellcasting
  3262 | D:4      | Reached skill level 5 in Conjurations
  3262 | D:4      | Reached skill level 5 in Fire Magic
  3262 | D:4      | Reached XP level 6. HP: 26/32 MP: 4/11
  3644 | D:4      | Reached XP level 7. HP: 19/36 MP: 3/13
  3648 | D:4      | Reached skill level 6 in Conjurations
  3667 | D:4      | HP: 4/36 [necrophage (7)]
  3672 | D:4      | Reached skill level 6 in Fire Magic
  3964 | D:4      | Found a burning altar of Makhleb.
  3970 | D:4      | Found a staircase to the Ecumenical Temple.
  4059 | D:4      | Found a broken altar of Ashenzari.
  4657 | Temple   | Entered the Ecumenical Temple
  4800 | D:5      | Entered Level 5 of the Dungeon
  4817 | D:5      | Learned a level 3 spell: Conjure Flame
  4822 | D:5      | Learned a level 4 spell: Flame Wave
  4826 | D:5      | Learned a level 3 spell: Inner Flame
  4939 | D:5      | Reached skill level 7 in Conjurations
  4945 | D:5      | Reached XP level 8. HP: 36/41 MP: 1/14
  5017 | D:5      | You pick up a book of Geomancy and begin reading...
  5017 | D:5      | You add the spells Sandblast, Passwall and Stone Arrow to
                  | your library.
  5018 | D:5      | Found a basalt altar of Yredelemnul.
  5107 | D:5      | Reached skill level 4 in Spellcasting
  5140 | D:5      | Reached skill level 7 in Fire Magic
  5340 | D:5      | Found a white marble altar of Elyvilon.
  5473 | D:5      | Found a snail-covered altar of Cheibriados.
  5544 | D:5      | Found a glowing golden altar of the Shining One.
  5865 | D:6      | Found a stormy altar of Qazlal.
  5923 | D:6      | Reached skill level 1 in Hexes
  6069 | D:6      | Reached skill level 8 in Conjurations
  6446 | D:6      | Found Toryxo's Jewellery Shoppe.
  7043 | D:7      | Noticed Prince Ribbit
  7053 | D:6      | HP: 9/41 [killer bee (6)]
  7055 | D:6      | Reached skill level 8 in Fire Magic
  7318 | D:7      | HP: 10/41 [poisoned by a killer bee]
  7318 | D:7      | HP: 3/41 [Prince Ribbit (2)]
  7324 | D:6      | HP: 5/41 [killer bee (3)]
  7602 | D:6      | HP: 10/41 [poisoned by a killer bee]
  7603 | D:5      | HP: 4/41 [poisoned by a killer bee]
  7606 | D:5      | Slain by a killer bee

Vanquished Creatures
  A black bear (D:4)
  An ice beast (D:6)
  An ogre (D:5)
  A phantom (D:4)
  3 necrophages
  5 scorpions
  3 killer bees
  4 hounds
  2 jellies
  A gnoll bouda (D:5)
  An orc priest (D:4)
  4 iguanas
  3 orc wizards
  9 adders
  4 gnolls (D:5)
  A white imp (D:6)
  2 ufetubi
  3 dart slugs
  14 orcs
  8 ball pythons
  6 endoplasms
  3 giant cockroaches
  5 goblins
  6 hobgoblins
  6 jackals
  4 quokkas
  3 bats
  5 frilled lizards
  4 kobolds
  4 rats
117 creatures vanquished.

Vanquished Creatures (collateral kills)
  A foxfire (D:2)
1 creature vanquished.

Vanquished Creatures (others)
  338 foxfires
338 creatures vanquished.

Grand Total: 456 creatures vanquished

Table legend:
 A = Non-vault XP
 B = Vault XP
 C = Vault XP percentage of total XP
 D = Non-vault monster count
 E = Vault monster count
 F = Vault count percentage of total count
                 A         B        C        D         E       F
            +---------+---------+-------+---------+---------+-------
      Total |    1942 |     326 |  14.4 |      95 |      22 |  18.8
            +---------+---------+-------+---------+---------+-------
        D:1 |      22 |       5 |  18.5 |      11 |       3 |  21.4
        D:2 |      33 |       0 |   0.0 |      14 |       0 |   0.0
        D:3 |      30 |      51 |  63.0 |      10 |       9 |  47.4
        D:4 |     583 |     270 |  31.7 |      23 |      10 |  30.3
        D:5 |     404 |       0 |   0.0 |      18 |       0 |   0.0
        D:6 |     730 |       0 |   0.0 |      17 |       0 |   0.0
        D:7 |     140 |       0 |   0.0 |       2 |       0 |   0.0
            +---------+---------+-------+---------+---------+-------

Illustrated notes

Table legend:
 A = Kills in this place as a percentage of kills in entire the game.
 B = Kills by you in this place as a percentage of kills by you in the entire game.
 C = Kills by friends in this place as a percentage of kills by friends in the entire game.
 D = Other kills in this place as a percentage of other kills in the entire game.
 E = Experience gained in this place as a percentage of experience gained in the entire game.
 F = Experience gained in this place divided by the number of levels of this place that you have seen.
                   A       B       C       D       E      F
               +-------+-------+-------+-------+-------+----------------------
         Total | 100.0 | 100.0 |   N/A |   N/A | 100.0 | 283.5
       Dungeon | 100.0 | 100.0 |   N/A |   N/A | 100.0 | 324.0
               +-------+-------+-------+-------+-------+----------------------

Table legend: (Time is in decaauts)
 A = Elapsed time spent in this place.
 B = Non-inter-level travel time spent in this place.
 C = Inter-level travel time spent in this place.
 D = Time resting spent in this place.
 E = Time spent auto-exploring this place.
 F = Levels seen in this place.
 G = Mean time per level.
                   A        B        C        D        E       F      G
               +--------+--------+--------+--------+--------+-----+--------+
         Total |   7435 |   7262 |    173 |    562 |   5859 |   8 |  929.4 |
       Dungeon |   7319 |   7162 |    157 |    562 |   5763 |   7 | 1045.6 |
        Temple |    116 |    101 |     15 |      0 |     96 |   1 |  116.0 |
               +--------+--------+--------+--------+--------+-----+--------+

Top non-repeatable levels by time:
     D:4: 1502 daAuts
     D:6: 1388 daAuts
     D:5: 1255 daAuts
     D:1: 1252 daAuts
     D:3: 1026 daAuts
     D:2: 831 daAuts
  Temple: 116 daAuts
     D:7: 63 daAuts
